WCHLSIM.com - West Coast Hockey League
html PUBLIC "-//W3C//DTD XHTML 1.0 Transitional//EN" "http://www.w3.org/TR/xhtml1/DTD/xhtml1-transitional.dtd"> WCHL - Game 41 - KELOWNA ROCKETS vs OKANAGAN RATTLESNAKES

KELOWNA ROCKETS vs OKANAGAN RATTLESNAKES

Created - 18 octobre 2023 at 22:14

Goals
1 2 3 T
KELOWNA ROCKETS 5 0 1 6
OKANAGAN RATTLESNAKES 1 0 1 2
Shots
1 2 3 T
KELOWNA ROCKETS 19 11 11 41
OKANAGAN RATTLESNAKES 7 3 5 15

1st period

1. KELOWNA ROCKETS , Vladimir Tarasenko 1 (Tyler Bertuzzi 1, J.T. Compher 1) at 1:01
2. KELOWNA ROCKETS , Dmitri Orlov 1 (Adam Fox 1, J.T. Compher 2) at 5:09 (PP)
3. KELOWNA ROCKETS , J.T. Compher 1 (Vladimir Tarasenko 2, Adam Fox 2) at 11:00
4. KELOWNA ROCKETS , Vladimir Tarasenko 2 (Adam Fox 3, J.T. Compher 3) at 14:51
5. KELOWNA ROCKETS , Parker Kelly 1 (Calle Jarnkrok 1, Erik Brannstrom 2) at 15:13
6. OKANAGAN RATTLESNAKES , Nazem Kadri 2 (Colton Parayko 1, Anders Lee 2) at 19:59

Penalties :
Casey Cizikas (OKA) for Hooking (Minor) at 3:10, Josh Manson (OKA) for Slashing (Minor) at 16:00

2nd period

No Goal

Penalties :
Casey Cizikas (OKA) for High sticking (Double Minor) at 16:30

3rd period

7. OKANAGAN RATTLESNAKES , Stefan Noesen 1 (Kevin Labanc 1, Esa Lindell 1) at 10:51
8. KELOWNA ROCKETS , Auston Matthews 2 (Pavel Buchnevich 2, Adam Fox 4) at 14:20 (PP)

Penalties :
Esa Lindell (OKA) for Hooking (Minor) at 1:42, Austin Osmanski (OKA) for Tripping (Minor) at 4:57, Lars Eller (OKA) for Tripping (Minor) at 13:34, Esa Lindell (OKA) for Roughing (Minor) at 16:29, Austin Osmanski (OKA) for Tripping (Minor) at 17:04

Goalie Stats

Craig Anderson (KEL), 13 saves from 15 shots - (0,867), W, 1-0-0, 60:00 minutes
James Reimer (OKA), 7 saves from 11 shots - (0,636), L, 0-3-0, 14:51 minutes
Jack Campbell (OKA), 28 saves from 30 shots - (0,933), 45:09 minutes

Players Stats for KELOWNA ROCKETS

Player Name              G  A  P  +/- PIM S  H  SB GA TA FO     MP     PP MP  PK MP  
------------------------------------------------------------------------------------
Adam Fox                 0  4  4   1  0   1  1  1  0  0  0/0    25:29   8:01   0:00 
Anthony DeAngelo         0  0  0   1  0   4  0  0  0  0  0/0    22:33   7:08   0:00 
Auston Matthews          1  0  1  -1  0   4  3  0  0  0  20/29  22:33   8:06   0:00 
Calle Jarnkrok           0  1  1   0  0   4  0  0  0  0  0/0    17:23   7:09   0:00 
Derek Ryan               0  0  0   0  0   0  0  0  0  0  7/10   10:14   0:00   0:00 
Dmitri Orlov             1  0  1   1  0   2  2  2  0  0  0/0    23:32   8:07   0:00 
Erik Brannstrom          0  1  1   0  0   0  0  0  0  0  0/0    19:00   7:08   0:00 
J.T. Compher             1  3  4   3  0   2  1  0  0  0  18/28  21:14   7:09   0:00 
Kyle Burroughs           0  0  0   0  0   0  0  0  0  0  0/0    11:52   0:00   0:00 
Lukas Sedlak             0  0  0   0  0   1  1  0  0  0  0/0     5:59   0:00   0:00 
Mark Giordano            0  0  0   1  0   0  1  0  0  0  0/0    17:34   0:06   0:00 
Noah Gregor              0  0  0   0  0   5  1  0  0  0  1/5     5:59   0:00   0:00 
Parker Kelly             1  0  1   0  0   1  0  0  0  0  1/1    10:14   0:00   0:00 
Pavel Buchnevich         0  1  1  -1  0   4  0  0  0  0  1/2    22:33   8:06   0:00 
Pavel Dorofeyev          0  0  0   0  0   0  0  0  0  0  0/0     5:59   0:00   0:00 
Tyler Bertuzzi           0  1  1   3  0   3  3  0  0  0  0/2    21:14   7:09   0:00 
Valeri Nichushkin        0  0  0  -1  0   2  2  1  0  0  0/0    14:27   0:00   0:00 
Vladimir Tarasenko       2  1  3   3  0   8  1  0  0  0  0/0    22:11   8:06   0:00 

Players Stats for OKANAGAN RATTLESNAKES

Player Name              G  A  P  +/- PIM S  H  SB GA TA FO     MP     PP MP  PK MP  
------------------------------------------------------------------------------------
Adam Clendening          0  0  0  -1  0   0  1  0  0  0  0/0    20:43   0:00   8:30 
Anders Lee               0  1  1   0  0   4  1  0  0  0  15/33  22:47   0:00   9:32 
Austin Osmanski          0  0  0  -2  4   0  3  0  0  0  0/0    16:17   0:00   2:21 
Blake Coleman            0  0  0   0  0   0  0  0  0  0  3/9    11:25   0:00   0:29 
Casey Cizikas            0  0  0  -3  6   0  1  0  0  0  8/12   12:57   0:00   0:00 
Colton Parayko           0  1  1   1  0   0  1  4  0  0  0/0    26:07   0:00   7:32 
Esa Lindell              0  1  1  -1  4   0  0  3  0  0  0/0    21:26   0:00   6:12 
Jeremy Lauzon            0  0  0  -2  0   0  3  1  0  0  0/0    14:00   0:00   0:03 
Josh Manson              0  0  0   1  2   0  7  2  0  0  0/0    20:47   0:00   5:51 
Jujhar Khaira            0  0  0   1  0   0  1  0  0  0  0/0     7:35   0:00   0:00 
Kevin Labanc             0  1  1   1  0   3  1  0  0  0  0/0     7:35   0:00   0:00 
Lars Eller               0  0  0   0  2   0  0  0  0  0  0/0    13:14   0:00   0:00 
Mike Hoffman             0  0  0  -3  0   0  1  1  0  0  0/5    18:42   0:00   5:43 
Nazem Kadri              1  0  1   0  0   3  2  0  0  0  0/0    18:29   0:00   5:14 
Oskar Sundqvist          0  0  0   0  0   1  0  0  0  0  0/2    10:56   0:00   0:00 
Pierre-Edouard Bellemare 0  0  0   0  0   0  1  1  0  0  0/1    10:56   0:00   0:00 
Stefan Noesen            1  0  1   1  0   2  0  0  0  0  1/11    7:35   0:00   0:00 
T.J. Oshie               0  0  0  -3  0   2  1  0  0  0  2/4    21:42   0:00   8:08 

3 Stars

1 - Vladimir Tarasenko (KEL)
2 - J.T. Compher (KEL)
3 - Adam Fox (KEL)

Power Play

KELOWNA ROCKETS - 2 on 9 Attempt(s) - 22,22%
OKANAGAN RATTLESNAKES - 0 on 0 Attempt(s) - 0,00%

Penalty Kill

KELOWNA ROCKETS - 0 on 0 Attempt(s) - 0,00% - Score 0 goal in Penalty Kill
OKANAGAN RATTLESNAKES - 7 on 9 Attempt(s) - 77,78% - Score 0 goal in Penalty Kill

Team Stat

KELOWNA ROCKETS - Hits : 16 - Faceoff Wins : 48 - Blocked Shots : 4 - Penalty Minutes : 0
OKANAGAN RATTLESNAKES - Hits : 24 - Faceoff Wins : 29 - Blocked Shots : 12 - Penalty Minutes : 18

Official

Referees : Jon McIsaac and Ian Walsh
Linesman : Kyle Larson and Dennis Urban

Game Notes

Jack Campbell enters game at 14:51 of 1st period

Finance

Level 1 -- Attendance: 5040 (84,00%) -- Ticket Income 1 008 000 $
Level 2 -- Attendance: 4347 (86,94%) -- Ticket Income 543 375 $
Level 3 -- Attendance: 1901 (95,05%) -- Ticket Income 207 209 $
Level 4 -- Attendance: 3757 (93,93%) -- Ticket Income 259 233 $
Luxury Box -- Attendance: 1000 (100,00%) -- Ticket Income 300 000 $
Total Attendance: 16045 (89,14%)
Total Ticket Income: 2 317 817 $
Other Expense: 23 178 $
Total Income: 2 294 639 $

KELOWNA ROCKETS

5 vs 5 Forward 
   Center                   Left Wing                Right Wing               Time % Phy DF OF 
 1 Auston Matthews          Pavel Buchnevich         Valeri Nichushkin        36     0   2  3  
 2 J.T. Compher             Tyler Bertuzzi           Vladimir Tarasenko       36     0   2  3  
 3 Derek Ryan               Parker Kelly             Calle Jarnkrok           28     0   4  1  
 4 Noah Gregor              Lukas Sedlak             Pavel Dorofeyev          0      0   3  2  

5 vs 5 Defense 
   Defense                  Defense                                           Time % Phy DF OF 
 1 Adam Fox                 Mark Giordano                                     37     0   4  1  
 2 Dmitri Orlov             Anthony DeAngelo                                  35     0   4  1  
 3 Erik Brannstrom          Kyle Burroughs                                    28     0   4  1  
 4 Dmitri Orlov             Adam Fox                                          0      0   3  2  

PowerPlay Forward 
   Center                   Left Wing                Right Wing               Time % Phy DF OF 
 1 Auston Matthews          Pavel Buchnevich         Vladimir Tarasenko       60     0   0  5  
 2 J.T. Compher             Tyler Bertuzzi           Calle Jarnkrok           40     0   0  5  

PowerPlay Defense
   Defense                  Defense                                           Time % Phy DF OF 
 1 Adam Fox                 Dmitri Orlov                                      65     0   1  4  
 2 Anthony DeAngelo         Erik Brannstrom                                   35     0   1  4  

Penalty Kill 4 Players Forward 
   Center                   Wing                     Time % Phy DF OF 
 1 J.T. Compher             Valeri Nichushkin        65     0   5  0  
 2 Auston Matthews          Pavel Buchnevich         35     0   5  0  

Penalty Kill 4 Players Defense
   Defense                  Defense                  Time % Phy DF OF 
 1 Adam Fox                 Mark Giordano            55     0   5  0  
 2 Dmitri Orlov             Anthony DeAngelo         45     0   5  0  

Penalty Kill - 3 Players Forward 
   Forward                                           Time % Phy DF OF 
 1 J.T. Compher                                      60     0   5  0  
 2 Valeri Nichushkin                                 40     0   5  0  

Penalty Kill - 3 Players Defense
   Defense                  Defense                  Time % Phy DF OF 
 1 Adam Fox                 Mark Giordano            55     0   5  0  
 2 Dmitri Orlov             Anthony DeAngelo         45     0   5  0  

4 vs 4 Forward 
   Center                   Wing                     Time % Phy DF OF 
 1 Auston Matthews          Pavel Buchnevich         55     0   1  4  
 2 J.T. Compher             Valeri Nichushkin        45     0   1  4  

4 vs 4 Defense
   Defense                  Defense                  Time % Phy DF OF 
 1 Adam Fox                 Mark Giordano            55     0   2  3  
 2 Dmitri Orlov             Anthony DeAngelo         45     0   2  3  

Last Minutes Offensive
   Center                   Left Wing                Right Wing               Defense                  Defense                  
   Auston Matthews          Pavel Buchnevich         Valeri Nichushkin        Adam Fox                 Dmitri Orlov             

Last Minutes Defensive
   Center                   Left Wing                Right Wing               Defense                  Defense                  
   Auston Matthews          J.T. Compher             Valeri Nichushkin        Adam Fox                 Dmitri Orlov             

Goaltenders
Starting : Craig Anderson           
Backup : Alex Stalock             

Extra Forwards
Normal : Vladimir Tarasenko, Pavel Buchnevich, Valeri Nichushkin - PP : Noah Gregor, Pavel Dorofeyev - PK : Vladimir Tarasenko
Extra Defensemen
Normal : Anthony DeAngelo, Dmitri Orlov, Kyle Burroughs - PP : Mark Giordano - PK : Kyle Burroughs, Erik Brannstrom
Penalty Shots
Auston Matthews, Vladimir Tarasenko, Pavel Buchnevich, Valeri Nichushkin, Tyler Bertuzzi
Custom OT Lines Forwards
Auston Matthews, Pavel Buchnevich, J.T. Compher, Valeri Nichushkin, Tyler Bertuzzi, Vladimir Tarasenko, Derek Ryan, Calle Jarnkrok, Noah Gregor, Pavel Dorofeyev
Custom OT Lines Defensemen
Adam Fox, Mark Giordano, Dmitri Orlov, Anthony DeAngelo, Kyle Burroughs

Scratches
Pavel Francouz (Healthy)

OKANAGAN RATTLESNAKES

5 vs 5 Forward 
   Center                   Left Wing                Right Wing               Time % Phy DF OF 
 1 Anders Lee               Nazem Kadri              Lars Eller               36     1   2  2  
 2 Casey Cizikas            Mike Hoffman             T.J. Oshie               31     1   2  2  
 3 Blake Coleman            Oskar Sundqvist          Pierre-Edouard Bellemare 23     1   2  2  
 4 Stefan Noesen            Kevin Labanc             Jujhar Khaira            10     1   2  2  

5 vs 5 Defense 
   Defense                  Defense                                           Time % Phy DF OF 
 1 Colton Parayko           Josh Manson                                       36     1   2  2  
 2 Adam Clendening          Esa Lindell                                       31     1   2  2  
 3 Jeremy Lauzon            Austin Osmanski                                   23     1   2  2  
 4 Colton Parayko           Esa Lindell                                       10     1   2  2  

PowerPlay Forward 
   Center                   Left Wing                Right Wing               Time % Phy DF OF 
 1 Anders Lee               Nazem Kadri              T.J. Oshie               55     1   2  2  
 2 Lars Eller               Mike Hoffman             Casey Cizikas            45     1   2  2  

PowerPlay Defense
   Defense                  Defense                                           Time % Phy DF OF 
 1 Adam Clendening          Esa Lindell                                       55     1   2  2  
 2 Colton Parayko           Josh Manson                                       45     1   2  2  

Penalty Kill 4 Players Forward 
   Center                   Wing                     Time % Phy DF OF 
 1 Anders Lee               T.J. Oshie               55     1   2  2  
 2 Mike Hoffman             Nazem Kadri              45     1   2  2  

Penalty Kill 4 Players Defense
   Defense                  Defense                  Time % Phy DF OF 
 1 Colton Parayko           Josh Manson              55     1   2  2  
 2 Esa Lindell              Adam Clendening          45     1   2  2  

Penalty Kill - 3 Players Forward 
   Forward                                           Time % Phy DF OF 
 1 Anders Lee                                        55     1   2  2  
 2 Mike Hoffman                                      45     1   2  2  

Penalty Kill - 3 Players Defense
   Defense                  Defense                  Time % Phy DF OF 
 1 Adam Clendening          Esa Lindell              55     1   2  2  
 2 Josh Manson              Colton Parayko           45     1   2  2  

4 vs 4 Forward 
   Center                   Wing                     Time % Phy DF OF 
 1 Anders Lee               Nazem Kadri              55     1   2  2  
 2 T.J. Oshie               Blake Coleman            45     1   2  2  

4 vs 4 Defense
   Defense                  Defense                  Time % Phy DF OF 
 1 Esa Lindell              Adam Clendening          55     1   2  2  
 2 Colton Parayko           Jeremy Lauzon            45     1   2  2  

Last Minutes Offensive
   Center                   Left Wing                Right Wing               Defense                  Defense                  
   Anders Lee               Nazem Kadri              T.J. Oshie               Colton Parayko           Josh Manson              

Last Minutes Defensive
   Center                   Left Wing                Right Wing               Defense                  Defense                  
   Anders Lee               Nazem Kadri              T.J. Oshie               Colton Parayko           Josh Manson              

Goaltenders
Starting : James Reimer             
Backup : Jack Campbell            

Extra Forwards
Normal : Anders Lee, Oskar Sundqvist, Kevin Labanc - PP : Anders Lee, Pierre-Edouard Bellemare - PK : Anders Lee
Extra Defensemen
Normal : Esa Lindell, Austin Osmanski, Adam Clendening - PP : Adam Clendening - PK : Esa Lindell, Adam Clendening
Penalty Shots
Anders Lee, Oskar Sundqvist, Kevin Labanc, Pierre-Edouard Bellemare, Jujhar Khaira
Custom OT Lines Forwards
Oskar Sundqvist, Anders Lee, Kevin Labanc, Pierre-Edouard Bellemare, Jujhar Khaira, Mike Hoffman, Stefan Noesen, Lars Eller, Nazem Kadri, Casey Cizikas
Custom OT Lines Defensemen
Austin Osmanski, Adam Clendening, Colton Parayko, Esa Lindell, Josh Manson

Scratches
Colin White (Healthy)

% Time on Ice - KELOWNA ROCKETS

Lines # - Real PCT - Wanted PCT - Time Play
Normal Forward
1 - 32% - 36% - 14:27
2 - 31% - 36% - 14:05
3 - 23% - 28% - 10:14
4 - 13% - 0% - 5:59
Normal Defense
1 - 39% - 37% - 17:28
2 - 34% - 35% - 15:25
3 - 27% - 28% - 11:52
4 - 0% - 0% - 0:00
PP Forward
1 - 53% - 60% - 8:06
2 - 47% - 40% - 7:09
PP Defense
1 - 53% - 65% - 8:07
2 - 47% - 35% - 7:08
PK Forward
1 - 0% - 65%
2 - 0% - 35%
PK Defense
1 - 0% - 55%
2 - 0% - 45%
PK3 Forward
1 - 0% - 60%
2 - 0% - 40%
PK3 Defense
1 - 0% - 55%
2 - 0% - 45%
44 Forward
1 - 0% - 55%
2 - 0% - 45%
44 Defense
1 - 0% - 55%
2 - 0% - 45%
Last Minute Offensive  - 0:00
Last Minute Defensive  - 0:00
Total
Forward - 60:00
Defense - 60:00

% Time on Ice - OKANAGAN RATTLESNAKES

Lines # - Real PCT - Wanted PCT - Time Play
Normal Forward
1 - 30% - 36% - 13:15
2 - 29% - 31% - 12:59
3 - 24% - 23% - 10:56
4 - 17% - 10% - 7:35
Normal Defense
1 - 33% - 36% - 14:57
2 - 27% - 31% - 12:13
3 - 31% - 23% - 13:57
4 - 8% - 10% - 3:38
PP Forward
1 - 0% - 55%
2 - 0% - 45%
PP Defense
1 - 0% - 55%
2 - 0% - 45%
PK Forward
1 - 62% - 55% - 8:37
2 - 38% - 45% - 5:14
PK Defense
1 - 45% - 55% - 6:11
2 - 55% - 45% - 7:40
PK3 Forward
1 - 65% - 55% - 0:55
2 - 35% - 45% - 0:29
PK3 Defense
1 - 57% - 55% - 0:48
2 - 43% - 45% - 0:36
44 Forward
1 - 0% - 55%
2 - 0% - 45%
44 Defense
1 - 0% - 55%
2 - 0% - 45%
Last Minute Offensive  - 0:00
Last Minute Defensive  - 0:00
Total
Forward - 60:00
Defense - 60:00

Play-by-Play

1st period


0:01 of 1st period - Pavel Buchnevich wins face-off versus Anders Lee in neutral zone.
0:11 of 1st period - Valeri Nichushkin is hit by Josh Manson and loses puck.
0:14 of 1st period - Shot by Pavel Buchnevich.
0:14 of 1st period - Shot Misses the Net.
0:16 of 1st period - Shot by Pavel Buchnevich.
0:16 of 1st period - Deflect By Auston Matthews.
0:16 of 1st period - Stopped by James Reimer with a rebound.
0:18 of 1st period - Shot by Valeri Nichushkin.
0:18 of 1st period - Stopped by James Reimer without a rebound.
0:19 of 1st period - J.T. Compher wins face-off versus Casey Cizikas in OKANAGAN RATTLESNAKES zone.
1:01 of 1st period - Shot by Vladimir Tarasenko.
1:01 of 1st period - Goal by Vladimir Tarasenko - KELOWNA ROCKETS : 1 - OKANAGAN RATTLESNAKES : 0.
1:02 of 1st period - Derek Ryan wins face-off versus Blake Coleman in neutral zone.
1:07 of 1st period - Shot by Parker Kelly.
1:07 of 1st period - Shot Misses the Net.
2:07 of 1st period - Shot by Anders Lee.
2:07 of 1st period - Stopped by Craig Anderson without a rebound.
2:08 of 1st period - Auston Matthews wins face-off versus Stefan Noesen in KELOWNA ROCKETS zone.
2:08 of 1st period - Adam Fox is hit by Kevin Labanc and loses puck.
2:15 of 1st period - Shot by Jujhar Khaira.
2:15 of 1st period - Shot Misses the Net.
2:17 of 1st period - Shot by Kevin Labanc.
2:17 of 1st period - Stopped by Craig Anderson without a rebound.
2:18 of 1st period - Anders Lee wins face-off versus Pavel Buchnevich in KELOWNA ROCKETS zone.
2:21 of 1st period - Shot by Lars Eller.
2:21 of 1st period - Shot Misses the Net.
2:31 of 1st period - Colton Parayko is hit by Valeri Nichushkin and loses puck.
2:37 of 1st period - Pavel Buchnevich is hit by Colton Parayko and loses puck.
2:54 of 1st period - Shot by Valeri Nichushkin.
2:54 of 1st period - Shot Misses the Net.
2:56 of 1st period - Shot by Pavel Buchnevich.
2:56 of 1st period - Stopped by James Reimer without a rebound.
2:57 of 1st period - Casey Cizikas wins face-off versus J.T. Compher in OKANAGAN RATTLESNAKES zone.
2:57 of 1st period - Casey Cizikas is hit by J.T. Compher.
3:09 of 1st period - Shot by T.J. Oshie.
3:09 of 1st period - Shot Misses the Net.
3:10 of 1st period - Minor Penalty to Casey Cizikas for Hooking.
3:11 of 1st period - J.T. Compher wins face-off versus Anders Lee in OKANAGAN RATTLESNAKES zone.
3:30 of 1st period - Shot by Adam Fox.
3:30 of 1st period - Shot Hit the Post.
3:32 of 1st period - Shot by Adam Fox.
3:32 of 1st period - Shot Misses the Net.
4:16 of 1st period - Shot by Vladimir Tarasenko.
4:16 of 1st period - Deflect By Pavel Buchnevich.
4:16 of 1st period - Shot Misses the Net.
4:32 of 1st period - Esa Lindell is hit by Vladimir Tarasenko and loses puck.
5:07 of 1st period - Shot by Adam Fox.
5:07 of 1st period - Shot Blocked by Colton Parayko.
5:09 of 1st period - Shot by Dmitri Orlov.
5:09 of 1st period - Goal by Dmitri Orlov - KELOWNA ROCKETS : 2 - OKANAGAN RATTLESNAKES : 0.
5:10 of 1st period - Blake Coleman wins face-off versus Noah Gregor in neutral zone.
5:39 of 1st period - Lukas Sedlak is hit by Jeremy Lauzon.
7:23 of 1st period - T.J. Oshie is hit by Tyler Bertuzzi and loses puck.
7:55 of 1st period - Shot by Derek Ryan.
7:55 of 1st period - Deflect By Calle Jarnkrok.
7:55 of 1st period - Shot Misses the Net.
7:57 of 1st period - Shot by Parker Kelly.
7:57 of 1st period - Shot Blocked by Mike Hoffman.
7:59 of 1st period - Shot by Derek Ryan.
7:59 of 1st period - Shot Blocked by Colton Parayko.
8:27 of 1st period - Anders Lee is hit by Adam Fox and loses puck.
8:54 of 1st period - Dmitri Orlov is hit by Austin Osmanski and loses puck.
9:15 of 1st period - Shot by Lukas Sedlak.
9:15 of 1st period - Stopped by James Reimer with a rebound.
9:17 of 1st period - Shot by Noah Gregor.
9:17 of 1st period - Stopped by James Reimer with a rebound.
9:19 of 1st period - Shot by Anthony DeAngelo.
9:19 of 1st period - Stopped by James Reimer without a rebound.
9:20 of 1st period - J.T. Compher wins face-off versus Stefan Noesen in OKANAGAN RATTLESNAKES zone.
9:42 of 1st period - Shot by Kevin Labanc.
9:42 of 1st period - Stopped by Craig Anderson without a rebound.
9:43 of 1st period - Auston Matthews wins face-off versus Oskar Sundqvist in KELOWNA ROCKETS zone.
9:53 of 1st period - Dmitri Orlov is hit by Pierre-Edouard Bellemare and loses puck.
10:00 of 1st period - Shot by Oskar Sundqvist.
10:00 of 1st period - Shot Blocked by Dmitri Orlov.
10:40 of 1st period - Shot by Anders Lee.
10:40 of 1st period - Deflect By Nazem Kadri.
10:40 of 1st period - Stopped by Craig Anderson without a rebound.
10:41 of 1st period - J.T. Compher wins face-off versus Casey Cizikas in KELOWNA ROCKETS zone.
10:58 of 1st period - Shot by Vladimir Tarasenko.
10:58 of 1st period - Stopped by James Reimer with a rebound.
11:00 of 1st period - Shot by J.T. Compher.
11:00 of 1st period - Goal by J.T. Compher - KELOWNA ROCKETS : 3 - OKANAGAN RATTLESNAKES : 0.
11:01 of 1st period - Derek Ryan wins face-off versus Anders Lee in neutral zone.
11:20 of 1st period - Shot by Anders Lee.
11:20 of 1st period - Shot Misses the Net.
11:22 of 1st period - Shot by Anders Lee.
11:22 of 1st period - Shot Misses the Net.
12:22 of 1st period - Shot by T.J. Oshie.
12:22 of 1st period - Shot Misses the Net.
12:24 of 1st period - Shot by T.J. Oshie.
12:24 of 1st period - Shot Misses the Net.
12:26 of 1st period - Shot by T.J. Oshie.
12:26 of 1st period - Shot Misses the Net.
12:28 of 1st period - Shot by Esa Lindell.
12:28 of 1st period - Shot Misses the Net.
12:53 of 1st period - Icing by Dmitri Orlov.
12:54 of 1st period - Auston Matthews wins face-off versus Stefan Noesen in KELOWNA ROCKETS zone.
14:10 of 1st period - Shot by Anders Lee.
14:10 of 1st period - Stopped by Craig Anderson without a rebound.
14:11 of 1st period - J.T. Compher wins face-off versus T.J. Oshie in KELOWNA ROCKETS zone.
14:43 of 1st period - Shot by J.T. Compher.
14:43 of 1st period - Shot Misses the Net.
14:51 of 1st period - Shot by Vladimir Tarasenko.
14:51 of 1st period - Goal by Vladimir Tarasenko - KELOWNA ROCKETS : 4 - OKANAGAN RATTLESNAKES : 0.
14:51 of 1st period - Jack Campbell enters game.
14:52 of 1st period - Anders Lee wins face-off versus Derek Ryan in neutral zone.
15:09 of 1st period - Shot by Calle Jarnkrok.
15:09 of 1st period - Stopped by Jack Campbell with a rebound.
15:11 of 1st period - Shot by Erik Brannstrom.
15:11 of 1st period - Deflect By Calle Jarnkrok.
15:11 of 1st period - Stopped by Jack Campbell with a rebound.
15:13 of 1st period - Shot by Parker Kelly.
15:13 of 1st period - Goal by Parker Kelly - KELOWNA ROCKETS : 5 - OKANAGAN RATTLESNAKES : 0.
15:14 of 1st period - Auston Matthews wins face-off versus Blake Coleman in neutral zone.
15:27 of 1st period - Shot by Valeri Nichushkin.
15:27 of 1st period - Shot Misses the Net.
15:38 of 1st period - Auston Matthews is hit by Josh Manson and loses puck.
15:59 of 1st period - Shot by Auston Matthews.
15:59 of 1st period - Shot Blocked by Colton Parayko.
16:00 of 1st period - Minor Penalty to Josh Manson for Slashing.
16:01 of 1st period - J.T. Compher wins face-off versus T.J. Oshie in OKANAGAN RATTLESNAKES zone.
16:18 of 1st period - Shot by Adam Fox.
16:18 of 1st period - Shot Misses the Net.
17:02 of 1st period - Shot by Vladimir Tarasenko.
17:02 of 1st period - Stopped by Jack Campbell without a rebound.
17:03 of 1st period - Auston Matthews wins face-off versus Mike Hoffman in OKANAGAN RATTLESNAKES zone.
17:24 of 1st period - Shot by Pavel Buchnevich.
17:24 of 1st period - Stopped by Jack Campbell with a rebound.
18:05 of 1st period - Shot by Noah Gregor.
18:05 of 1st period - Stopped by Jack Campbell without a rebound.
18:06 of 1st period - Blake Coleman wins face-off versus Noah Gregor in OKANAGAN RATTLESNAKES zone.
18:06 of 1st period - Blake Coleman is hit by Noah Gregor.
18:23 of 1st period - Icing by Adam Clendening.
18:24 of 1st period - J.T. Compher wins face-off versus Blake Coleman in OKANAGAN RATTLESNAKES zone.
18:33 of 1st period - Shot by Tyler Bertuzzi.
18:33 of 1st period - Stopped by Jack Campbell without a rebound.
18:34 of 1st period - Derek Ryan wins face-off versus Anders Lee in OKANAGAN RATTLESNAKES zone.
18:34 of 1st period - Derek Ryan is hit by Josh Manson.
18:37 of 1st period - Calle Jarnkrok is hit by Josh Manson and loses puck.
18:49 of 1st period - Icing by Nazem Kadri.
18:50 of 1st period - J.T. Compher wins face-off versus Anders Lee in OKANAGAN RATTLESNAKES zone.
18:53 of 1st period - Shot by J.T. Compher.
18:53 of 1st period - Deflect By Vladimir Tarasenko.
18:53 of 1st period - Stopped by Jack Campbell without a rebound.
18:54 of 1st period - Casey Cizikas wins face-off versus J.T. Compher in OKANAGAN RATTLESNAKES zone.
19:47 of 1st period - Shot by Anders Lee.
19:47 of 1st period - Deflect By Nazem Kadri.
19:47 of 1st period - Stopped by Craig Anderson without a rebound.
19:48 of 1st period - Anders Lee wins face-off versus Auston Matthews in KELOWNA ROCKETS zone.
19:59 of 1st period - Shot by Nazem Kadri.
19:59 of 1st period - Goal by Nazem Kadri - KELOWNA ROCKETS : 5 - OKANAGAN RATTLESNAKES : 1.
Goals for this period are 5 for KELOWNA ROCKETS vs 1 for OKANAGAN RATTLESNAKES.
Shots for this period are 19 for KELOWNA ROCKETS vs 7 for OKANAGAN RATTLESNAKES.

2nd period


0:01 of 2nd period - J.T. Compher wins face-off versus Anders Lee in neutral zone.
0:01 of 2nd period - J.T. Compher is hit by Nazem Kadri.
0:23 of 2nd period - Anders Lee is hit by Mark Giordano and loses puck.
0:26 of 2nd period - Shot by Nazem Kadri.
0:26 of 2nd period - Shot Misses the Net.
0:28 of 2nd period - Shot by Nazem Kadri.
0:28 of 2nd period - Deflect By Anders Lee.
0:28 of 2nd period - Stopped by Craig Anderson without a rebound.
0:29 of 2nd period - Casey Cizikas wins face-off versus Auston Matthews in KELOWNA ROCKETS zone.
0:32 of 2nd period - Shot by T.J. Oshie.
0:32 of 2nd period - Shot Misses the Net.
0:34 of 2nd period - Shot by T.J. Oshie.
0:34 of 2nd period - Deflect By Mike Hoffman.
0:34 of 2nd period - Shot Misses the Net.
0:36 of 2nd period - Shot by Esa Lindell.
0:36 of 2nd period - Shot Blocked by Dmitri Orlov.
0:46 of 2nd period - Shot by T.J. Oshie.
0:46 of 2nd period - Shot Misses the Net.
1:02 of 2nd period - Shot by Mike Hoffman.
1:02 of 2nd period - Shot Blocked by Valeri Nichushkin.
1:13 of 2nd period - Icing by Valeri Nichushkin.
1:14 of 2nd period - Auston Matthews wins face-off versus Anders Lee in KELOWNA ROCKETS zone.
1:42 of 2nd period - Shot by Nazem Kadri.
1:42 of 2nd period - Deflect By Anders Lee.
1:42 of 2nd period - Stopped by Craig Anderson without a rebound.
1:43 of 2nd period - Derek Ryan wins face-off versus Oskar Sundqvist in KELOWNA ROCKETS zone.
1:55 of 2nd period - Icing by Oskar Sundqvist.
1:56 of 2nd period - J.T. Compher wins face-off versus Pierre-Edouard Bellemare in OKANAGAN RATTLESNAKES zone.
1:56 of 2nd period - Tyler Bertuzzi is hit by Jeremy Lauzon and loses puck.
3:18 of 2nd period - Calle Jarnkrok is hit by Josh Manson.
3:22 of 2nd period - Shot by Calle Jarnkrok.
3:22 of 2nd period - Shot Misses the Net.
3:47 of 2nd period - Icing by Josh Manson.
3:48 of 2nd period - Anders Lee wins face-off versus Auston Matthews in OKANAGAN RATTLESNAKES zone.
3:58 of 2nd period - Auston Matthews is hit by Josh Manson and loses puck.
4:01 of 2nd period - Shot by Auston Matthews.
4:01 of 2nd period - Shot Misses the Net.
4:03 of 2nd period - Shot by Valeri Nichushkin.
4:03 of 2nd period - Shot Blocked by Josh Manson.
4:05 of 2nd period - Shot by Valeri Nichushkin.
4:05 of 2nd period - Shot Blocked by Colton Parayko.
4:09 of 2nd period - Shot by Auston Matthews.
4:09 of 2nd period - Shot Blocked by Josh Manson.
4:11 of 2nd period - Shot by Anthony DeAngelo.
4:11 of 2nd period - Stopped by Jack Campbell without a rebound.
4:12 of 2nd period - Casey Cizikas wins face-off versus Noah Gregor in OKANAGAN RATTLESNAKES zone.
4:21 of 2nd period - Shot by Noah Gregor.
4:21 of 2nd period - Shot Misses the Net.
4:23 of 2nd period - Shot by Noah Gregor.
4:23 of 2nd period - Stopped by Jack Campbell without a rebound.
4:24 of 2nd period - J.T. Compher wins face-off versus Stefan Noesen in OKANAGAN RATTLESNAKES zone.
4:27 of 2nd period - Shot by J.T. Compher.
4:27 of 2nd period - Deflect By Vladimir Tarasenko.
4:27 of 2nd period - Stopped by Jack Campbell without a rebound.
4:28 of 2nd period - J.T. Compher wins face-off versus Casey Cizikas in OKANAGAN RATTLESNAKES zone.
4:31 of 2nd period - Shot by Tyler Bertuzzi.
4:31 of 2nd period - Shot Misses the Net.
4:39 of 2nd period - Shot by Vladimir Tarasenko.
4:39 of 2nd period - Shot Misses the Net.
4:41 of 2nd period - Shot by J.T. Compher.
4:41 of 2nd period - Shot Misses the Net.
4:43 of 2nd period - Shot by J.T. Compher.
4:43 of 2nd period - Deflect By Vladimir Tarasenko.
4:43 of 2nd period - Stopped by Jack Campbell without a rebound.
4:44 of 2nd period - Parker Kelly wins face-off versus Stefan Noesen in OKANAGAN RATTLESNAKES zone.
6:45 of 2nd period - Shot by Valeri Nichushkin.
6:45 of 2nd period - Shot Misses the Net.
7:24 of 2nd period - Icing by Esa Lindell.
7:25 of 2nd period - Anders Lee wins face-off versus Derek Ryan in OKANAGAN RATTLESNAKES zone.
7:27 of 2nd period - Icing by Nazem Kadri.
7:28 of 2nd period - Derek Ryan wins face-off versus Anders Lee in OKANAGAN RATTLESNAKES zone.
9:22 of 2nd period - T.J. Oshie is hit by Dmitri Orlov and loses puck.
9:43 of 2nd period - Jeremy Lauzon is hit by Tyler Bertuzzi and loses puck.
10:01 of 2nd period - Pierre-Edouard Bellemare is hit by Dmitri Orlov and loses puck.
10:22 of 2nd period - Icing by Pavel Buchnevich.
10:23 of 2nd period - Auston Matthews wins face-off versus Stefan Noesen in KELOWNA ROCKETS zone.
12:19 of 2nd period - Icing by Kyle Burroughs.
12:20 of 2nd period - Derek Ryan wins face-off versus Stefan Noesen in KELOWNA ROCKETS zone.
12:20 of 2nd period - Derek Ryan is hit by Jujhar Khaira.
13:30 of 2nd period - Shot by Valeri Nichushkin.
13:30 of 2nd period - Stopped by Jack Campbell without a rebound.
13:31 of 2nd period - J.T. Compher wins face-off versus Anders Lee in OKANAGAN RATTLESNAKES zone.
13:40 of 2nd period - Shot by Vladimir Tarasenko.
13:40 of 2nd period - Shot Misses the Net.
13:42 of 2nd period - Shot by J.T. Compher.
13:42 of 2nd period - Stopped by Jack Campbell without a rebound.
13:43 of 2nd period - Auston Matthews wins face-off versus Stefan Noesen in OKANAGAN RATTLESNAKES zone.
14:09 of 2nd period - Jujhar Khaira is hit by Valeri Nichushkin and loses puck.
15:12 of 2nd period - Shot by Tyler Bertuzzi.
15:12 of 2nd period - Stopped by Jack Campbell without a rebound.
15:13 of 2nd period - Casey Cizikas wins face-off versus Noah Gregor in OKANAGAN RATTLESNAKES zone.
15:13 of 2nd period - Casey Cizikas is hit by Lukas Sedlak.
16:20 of 2nd period - Auston Matthews is hit by Casey Cizikas and loses puck.
16:30 of 2nd period - Double Minor Penalty to Casey Cizikas for High sticking.
16:31 of 2nd period - J.T. Compher wins face-off versus Anders Lee in OKANAGAN RATTLESNAKES zone.
16:48 of 2nd period - Shot by Calle Jarnkrok.
16:48 of 2nd period - Stopped by Jack Campbell without a rebound.
16:49 of 2nd period - Anders Lee wins face-off versus Auston Matthews in OKANAGAN RATTLESNAKES zone.
19:13 of 2nd period - Shot by T.J. Oshie.
19:13 of 2nd period - Stopped by Craig Anderson with a rebound.
19:23 of 2nd period - Shot by Anthony DeAngelo.
19:23 of 2nd period - Stopped by Jack Campbell without a rebound.
19:24 of 2nd period - Auston Matthews wins face-off versus Anders Lee in OKANAGAN RATTLESNAKES zone.
19:25 of 2nd period - Shot by Pavel Buchnevich.
19:25 of 2nd period - Shot Blocked by Esa Lindell.
19:29 of 2nd period - Shot by Auston Matthews.
19:29 of 2nd period - Stopped by Jack Campbell without a rebound.
19:30 of 2nd period - Auston Matthews wins face-off versus Anders Lee in OKANAGAN RATTLESNAKES zone.
19:37 of 2nd period - Shot by Pavel Buchnevich.
19:37 of 2nd period - Stopped by Jack Campbell with a rebound.
19:48 of 2nd period - Off-side.
19:49 of 2nd period - Anders Lee wins face-off versus J.T. Compher in neutral zone.
19:55 of 2nd period - Icing by Anthony DeAngelo.
19:56 of 2nd period - Anders Lee wins face-off versus Tyler Bertuzzi in KELOWNA ROCKETS zone.
Goals for this period are 0 for KELOWNA ROCKETS vs 0 for OKANAGAN RATTLESNAKES.
Shots for this period are 11 for KELOWNA ROCKETS vs 3 for OKANAGAN RATTLESNAKES.

3rd period


0:01 of 3rd period - Anders Lee wins face-off versus Auston Matthews in neutral zone.
0:13 of 3rd period - Shot by Auston Matthews.
0:13 of 3rd period - Shot Misses the Net.
0:15 of 3rd period - Shot by Dmitri Orlov.
0:15 of 3rd period - Shot Misses the Net.
0:17 of 3rd period - Shot by Auston Matthews.
0:17 of 3rd period - Shot Misses the Net.
0:19 of 3rd period - Shot by Dmitri Orlov.
0:19 of 3rd period - Shot Misses the Net.
0:23 of 3rd period - Shot by Auston Matthews.
0:23 of 3rd period - Shot Misses the Net.
0:25 of 3rd period - Shot by Dmitri Orlov.
0:25 of 3rd period - Stopped by Jack Campbell without a rebound.
0:26 of 3rd period - Anders Lee wins face-off versus Tyler Bertuzzi in OKANAGAN RATTLESNAKES zone.
0:50 of 3rd period - Shot by Oskar Sundqvist.
0:50 of 3rd period - Stopped by Craig Anderson without a rebound.
0:51 of 3rd period - Anders Lee wins face-off versus J.T. Compher in KELOWNA ROCKETS zone.
1:10 of 3rd period - Icing by J.T. Compher.
1:11 of 3rd period - Casey Cizikas wins face-off versus J.T. Compher in KELOWNA ROCKETS zone.
1:33 of 3rd period - J.T. Compher is hit by Adam Clendening.
1:42 of 3rd period - Minor Penalty to Esa Lindell for Hooking.
1:43 of 3rd period - Anders Lee wins face-off versus Auston Matthews in OKANAGAN RATTLESNAKES zone.
1:43 of 3rd period - Anders Lee is hit by Auston Matthews.
2:06 of 3rd period - Icing by Erik Brannstrom.
2:07 of 3rd period - Auston Matthews wins face-off versus Mike Hoffman in KELOWNA ROCKETS zone.
2:07 of 3rd period - Auston Matthews is hit by Mike Hoffman.
3:34 of 3rd period - Shot by Tyler Bertuzzi.
3:34 of 3rd period - Stopped by Jack Campbell without a rebound.
3:35 of 3rd period - J.T. Compher wins face-off versus Mike Hoffman in OKANAGAN RATTLESNAKES zone.
4:34 of 3rd period - Icing by Jujhar Khaira.
4:35 of 3rd period - Auston Matthews wins face-off versus Stefan Noesen in OKANAGAN RATTLESNAKES zone.
4:37 of 3rd period - Valeri Nichushkin is hit by Jeremy Lauzon and loses puck.
4:57 of 3rd period - Minor Penalty to Austin Osmanski for Tripping.
4:58 of 3rd period - Anders Lee wins face-off versus J.T. Compher in OKANAGAN RATTLESNAKES zone.
5:36 of 3rd period - Shot by Erik Brannstrom.
5:36 of 3rd period - Shot Blocked by Esa Lindell.
5:38 of 3rd period - Shot by Calle Jarnkrok.
5:38 of 3rd period - Stopped by Jack Campbell without a rebound.
5:39 of 3rd period - Auston Matthews wins face-off versus Mike Hoffman in OKANAGAN RATTLESNAKES zone.
5:39 of 3rd period - Adam Fox is hit by Josh Manson and loses puck.
6:34 of 3rd period - J.T. Compher is hit by Nazem Kadri and loses puck.
6:38 of 3rd period - Icing by J.T. Compher.
6:39 of 3rd period - J.T. Compher wins face-off versus Anders Lee in KELOWNA ROCKETS zone.
6:41 of 3rd period - Anthony DeAngelo is hit by T.J. Oshie and loses puck.
6:52 of 3rd period - Shot by J.T. Compher.
6:52 of 3rd period - Shot Hit the Post.
7:06 of 3rd period - Shot by Noah Gregor.
7:06 of 3rd period - Stopped by Jack Campbell without a rebound.
7:07 of 3rd period - Noah Gregor wins face-off versus Stefan Noesen in OKANAGAN RATTLESNAKES zone.
7:07 of 3rd period - Noah Gregor is hit by Austin Osmanski.
8:23 of 3rd period - Shot by Lars Eller.
8:23 of 3rd period - Shot Misses the Net.
8:25 of 3rd period - Shot by Lars Eller.
8:25 of 3rd period - Shot Blocked by Adam Fox.
9:57 of 3rd period - Shot by T.J. Oshie.
9:57 of 3rd period - Stopped by Craig Anderson without a rebound.
9:58 of 3rd period - Blake Coleman wins face-off versus Derek Ryan in KELOWNA ROCKETS zone.
10:29 of 3rd period - Shot by Calle Jarnkrok.
10:29 of 3rd period - Shot Misses the Net.
10:47 of 3rd period - Shot by Stefan Noesen.
10:47 of 3rd period - Deflect By Kevin Labanc.
10:47 of 3rd period - Stopped by Craig Anderson with a rebound.
10:51 of 3rd period - Shot by Stefan Noesen.
10:51 of 3rd period - Goal by Stefan Noesen - KELOWNA ROCKETS : 5 - OKANAGAN RATTLESNAKES : 2.
10:52 of 3rd period - T.J. Oshie wins face-off versus J.T. Compher in neutral zone.
11:50 of 3rd period - Off-side.
11:51 of 3rd period - Anders Lee wins face-off versus Auston Matthews in neutral zone.
12:02 of 3rd period - Shot by Auston Matthews.
12:02 of 3rd period - Stopped by Jack Campbell without a rebound.
12:03 of 3rd period - Auston Matthews wins face-off versus Blake Coleman in OKANAGAN RATTLESNAKES zone.
12:04 of 3rd period - Shot by Pavel Buchnevich.
12:04 of 3rd period - Stopped by Jack Campbell without a rebound.
12:05 of 3rd period - Auston Matthews wins face-off versus Anders Lee in OKANAGAN RATTLESNAKES zone.
12:05 of 3rd period - Auston Matthews is hit by Austin Osmanski.
12:35 of 3rd period - Off-side.
12:36 of 3rd period - J.T. Compher wins face-off versus Casey Cizikas in neutral zone.
13:02 of 3rd period - Shot by J.T. Compher.
13:02 of 3rd period - Shot Misses the Net.
13:13 of 3rd period - Icing by Colton Parayko.
13:14 of 3rd period - Casey Cizikas wins face-off versus Auston Matthews in OKANAGAN RATTLESNAKES zone.
13:14 of 3rd period - Casey Cizikas is hit by Auston Matthews.
13:31 of 3rd period - Icing by Anthony DeAngelo.
13:32 of 3rd period - Auston Matthews wins face-off versus Anders Lee in KELOWNA ROCKETS zone.
13:34 of 3rd period - Minor Penalty to Lars Eller for Tripping.
13:35 of 3rd period - Auston Matthews wins face-off versus Anders Lee in OKANAGAN RATTLESNAKES zone.
13:52 of 3rd period - Shot by Auston Matthews.
13:52 of 3rd period - Shot Misses the Net.
14:00 of 3rd period - Shot by Adam Fox.
14:00 of 3rd period - Shot Blocked by Esa Lindell.
14:02 of 3rd period - Shot by Adam Fox.
14:02 of 3rd period - Shot Misses the Net.
14:04 of 3rd period - Shot by Adam Fox.
14:04 of 3rd period - Shot Misses the Net.
14:06 of 3rd period - Shot by Adam Fox.
14:06 of 3rd period - Shot Misses the Net.
14:20 of 3rd period - Shot by Auston Matthews.
14:20 of 3rd period - Goal by Auston Matthews - KELOWNA ROCKETS : 6 - OKANAGAN RATTLESNAKES : 2.
14:21 of 3rd period - Derek Ryan wins face-off versus Blake Coleman in neutral zone.
15:34 of 3rd period - Shot by Noah Gregor.
15:34 of 3rd period - Stopped by Jack Campbell without a rebound.
15:35 of 3rd period - Stefan Noesen wins face-off versus J.T. Compher in OKANAGAN RATTLESNAKES zone.
15:56 of 3rd period - Shot by Stefan Noesen.
15:56 of 3rd period - Stopped by Craig Anderson without a rebound.
15:57 of 3rd period - Auston Matthews wins face-off versus Anders Lee in KELOWNA ROCKETS zone.
15:57 of 3rd period - Auston Matthews is hit by Anders Lee.
16:05 of 3rd period - Shot by Pavel Buchnevich.
16:05 of 3rd period - Shot Blocked by Jeremy Lauzon.
16:07 of 3rd period - Shot by Adam Fox.
16:07 of 3rd period - Stopped by Jack Campbell without a rebound.
16:08 of 3rd period - Casey Cizikas wins face-off versus J.T. Compher in OKANAGAN RATTLESNAKES zone.
16:08 of 3rd period - Casey Cizikas is hit by Tyler Bertuzzi.
16:18 of 3rd period - Shot by Vladimir Tarasenko.
16:18 of 3rd period - Stopped by Jack Campbell with a rebound.
16:29 of 3rd period - Minor Penalty to Esa Lindell for Roughing.
16:30 of 3rd period - T.J. Oshie wins face-off versus Auston Matthews in OKANAGAN RATTLESNAKES zone.
17:04 of 3rd period - Minor Penalty to Austin Osmanski for Tripping.
17:05 of 3rd period - Anders Lee wins face-off versus J.T. Compher in OKANAGAN RATTLESNAKES zone.
17:22 of 3rd period - Shot by Anthony DeAngelo.
17:22 of 3rd period - Stopped by Jack Campbell without a rebound.
17:23 of 3rd period - Auston Matthews wins face-off versus Anders Lee in OKANAGAN RATTLESNAKES zone.
18:13 of 3rd period - Icing by Tyler Bertuzzi.
18:14 of 3rd period - J.T. Compher wins face-off versus Mike Hoffman in KELOWNA ROCKETS zone.
19:05 of 3rd period - Icing by Esa Lindell.
19:06 of 3rd period - Auston Matthews wins face-off versus Blake Coleman in OKANAGAN RATTLESNAKES zone.
19:15 of 3rd period - Shot by Pavel Buchnevich.
19:15 of 3rd period - Shot Blocked by Pierre-Edouard Bellemare.
19:57 of 3rd period - Casey Cizikas is hit by Auston Matthews and loses puck.
Goals for this period are 1 for KELOWNA ROCKETS vs 1 for OKANAGAN RATTLESNAKES.
Shots for this period are 11 for KELOWNA ROCKETS vs 5 for OKANAGAN RATTLESNAKES.


BLAKE
WHEELER
STEVEN
STAMKOS
DREW
DOUGHTY

EAST COAST

HOCKEY LEAGUE

  • 63.RHI2PIT5
  • 64.WOR4ATL3
  • 65.QUECHW
  • 66.CHATRV